Map: Pride of Altaris LE

Players

PicudoCDMX

  • Race: Protoss Protoss
  • League: Master
  • Spawn Location: 11:00

Warthog - Winner!

  • Race: Terran Terran
  • League: Master
  • Spawn Location: 5:00

VOD

Have the link to the VOD?

Description

Time

  • Played on: Dec. 15, 2021, 8:42 p.m.
  • Length: 13:33
Show
View Real Time Build Order
Export as new Build Order

PicudoCDMX Protoss 

Build Orders:  

Get SALT Encoding   

  12  0:00  Probe  
  13  0:13  Probe  
  14  0:17  Pylon  
  14  0:25  Probe  
  15  0:37  Probe  
  15  0:38  Gateway  
  16  0:49  Probe  
  17  1:01  Probe  
  17  1:03  Assimilator  
  18  1:09  Gateway  
  18  1:13  Probe, Assimilator  
  18  1:16  Pylon  
  19  1:25  Probe  
  19  1:27  Cybernetics Core  
  20  1:37  Probe  
  21  1:50  Probe  
  22  2:02  Probe, Stalker x2 (Chrono Boost)  
  22  2:06  Warp Gate (Chrono Boost)  
  27  2:14  Probe  
  28  2:26  Nexus  
  28  2:32  Stalker  
  30  2:39  Pylon  
  30  2:50  Probe  
  31  3:02  Probe  
  32  3:15  Probe  
  34  3:27  Probe  
  34  3:33  Nexus  
  34  3:34  Twilight Council  
  34  3:38  Probe (Chrono Boost)  
  36  3:41  Probe (Chrono Boost)  
  36  3:50  Probe (Chrono Boost)  
  36  3:53  Robotics Facility  
  38  3:56  Probe (Chrono Boost)  
  38  3:58  Gateway  
  38  4:03  Probe, Pylon  
  38  4:06  Probe  
  38  4:07  Blink (Chrono Boost)  
  38  4:08  Pylon  
  40  4:15  Probe (Chrono Boost)  
  41  4:22  Probe (Chrono Boost)  
  42  4:27  Probe (Chrono Boost)  
  44  4:32  Probe (Chrono Boost)  
  44  4:33  Probe (Chrono Boost)  
  45  4:39  Gateway  
  45  4:40  Gateway  
  45  4:47  Gateway, Probe  
  45  4:48  Probe x2  
  48  4:53  Observer (Chrono Boost)  
  48  4:58  Stalker x2  
  54  5:00  Probe  
  54  5:01  Stalker  
  54  5:04  Probe x2  
  54  5:06  Observer (Chrono Boost)  
  58  5:10  Assimilator  
  58  5:12  Probe  
  58  5:13  Assimilator  
  60  5:16  Probe  
  60  5:19  Pylon  
  61  5:26  Stalker x2  
  61  5:27  Stalker  
  67  5:34  Immortal  
  71  5:42  Robotics Bay  
  71  5:43  Forge  
  71  5:47  Forge  
  71  5:50  Probe x3  
  74  6:02  Probe x3, Stalker x2  
  80  6:18  Protoss Ground Weapons Level 1 (Chrono Boost), Protoss Ground Armor Level 1 (Chrono Boost)  
  80  6:19  Probe x3  
  80  6:22  Assimilator  
  80  6:23  Assimilator  
  83  6:31  Probe x3  
  86  6:33  Robotics Facility  
  86  6:41  Gateway  
  86  6:43  Gateway, Probe x3  
  86  6:46  Gateway  
  89  6:48  Gateway  
  89  6:53  Robotics Facility, Pylon  
  89  6:55  Probe x2  
  89  6:56  Pylon  
  89  6:58  Probe  
  89  6:59  Pylon  
  92  7:05  Pylon  
  92  7:07  Probe  
  93  7:08  Pylon  
  93  7:09  Pylon  
  93  7:11  Probe x2  
  93  7:12  Pylon  
  89  7:16  Zealot x3  
  89  7:17  Zealot  
  81  7:26  Zealot x2  
  71  7:34  Colossus (Chrono Boost)  
  66  7:42  Stalker x3  
  69  7:44  Sentry  
  69  7:50  Sentry  
  69  7:51  Zealot  
  61  8:06  Stalker x4  
  61  8:07  Sentry  
  61  8:09  Sentry  
  73  8:29  Nexus  
  73  8:30  Colossus (Chrono Boost)  
  79  8:41  Probe x2  
  81  8:53  Probe x2  
  81  8:54  Protoss Ground Weapons Level 2 (Chrono Boost)  
  83  9:09  Protoss Ground Armor Level 2 (Chrono Boost)  
  83  9:15  Probe x2  
  85  9:20  Charge  
  85  9:27  Probe x2  
  93  9:31  Colossus (Chrono Boost)  
  93  9:39  Probe  
  93  9:40  Probe  
  95  9:51  Probe  
  95  9:52  Probe  
  95  9:55  Zealot x3  
  95  9:56  Stalker x3  
  106  10:04  Probe x2  
  108  10:10  Stalker x4  
  113  10:21  Observer (Chrono Boost)  
  113  10:24  Probe (Chrono Boost)  
  114  10:34  Probe (Chrono Boost), Assimilator  
  116  10:36  Probe (Chrono Boost)  
  116  10:39  Probe (Chrono Boost)  
  116  10:42  Stalker x5  
  108  11:06  Probe  
  98  11:12  Observer  
  98  11:13  Observer  
  98  11:17  Nexus  
  98  11:18  Probe  
  98  11:21  Observer  
  98  11:22  Stalker  
  101  11:26  Pylon  
  101  11:30  Pylon  
  101  11:31  Pylon  
  101  11:32  Pylon  
  101  11:40  Stalker  
  101  11:46  Nexus  
  102  11:50  Stalker x2  
  100  12:02  Probe  
  100  12:06  Probe  
  102  12:10  Observer  
  102  12:11  Observer  
  102  12:14  Probe  
  102  12:15  Gravitic Boosters (Chrono Boost)  
  101  12:18  Probe  
  102  12:26  Probe  
  79  12:30  Probe  
  63  12:38  Probe  
Show
View Real Time Build Order
Export as new Build Order

Warthog Terran - Winner!

Build Orders: Reaper Expand 

Get SALT Encoding   

  12  0:01  SCV  
  13  0:13  SCV  
  14  0:17  Supply Depot  
  14  0:26  SCV  
  15  0:39  SCV  
  15  0:40  Barracks  
  16  0:43  Refinery  
  16  0:51  SCV  
  17  1:03  SCV  
  18  1:15  SCV  
  19  1:27  Reaper  
  19  1:28  Orbital Command  
  20  1:44  Command Center  
  20  1:53  Supply Depot  
  20  2:02  Barracks Reactor, SCV  
  20  2:07  Refinery  
  21  2:15  SCV  
  22  2:20  Factory  
  22  2:27  SCV  
  23  2:33  Bunker  
  23  2:39  SCV  
  23  2:41  Marine x2  
  26  2:51  SCV  
  27  3:00  Bunker  
  27  3:03  Orbital Command  
  27  3:05  Factory Tech Lab  
  27  3:09  SCV  
  27  3:13  Marine  
  27  3:25  Cyclone  
  27  3:26  Marine  
  31  3:30  SCV x2  
  31  3:31  Marine  
  34  3:38  Barracks  
  34  3:42  SCV  
  34  3:43  SCV  
  34  3:46  Marine  
  37  3:48  Marine  
  37  3:51  Orbital Command  
  37  3:54  SCV  
  39  3:57  Supply Depot  
  39  3:59  Siege Tank  
  42  4:06  SCV  
  43  4:17  Marine x2  
  43  4:18  Bunker, SCV  
  43  4:21  Engineering Bay, Barracks  
  43  4:22  SCV  
  47  4:27  Barracks Tech Lab  
  47  4:30  SCV  
  48  4:35  SCV  
  49  4:47  Stimpack  
  49  4:49  SCV x2  
  51  4:54  Reaper  
  51  4:56  Supply Depot  
  52  5:00  Starport, Factory Reactor  
  52  5:02  SCV x2  
  54  5:09  Terran Infantry Weapons Level 1  
  54  5:10  Barracks Tech Lab  
  54  5:11  Supply Depot  
  54  5:16  Supply Depot  
  54  5:18  Marauder  
  56  5:21  Missile Turret  
  56  5:26  Marine  
  57  5:33  Marine  
  57  5:34  Marauder, Combat Shield  
  60  5:40  Marauder  
  60  5:41  SCV x2  
  64  5:44  Refinery  
  64  5:47  Command Center, Refinery  
  64  5:53  SCV x2  
  64  5:57  Medivac x2  
  70  6:08  Marine  
  70  6:09  Marauder, Factory Reactor  
  73  6:13  SCV x2  
  73  6:15  Marine  
  73  6:16  Marauder  
  77  6:22  Supply Depot  
  77  6:25  SCV  
  78  6:33  Barracks  
  78  6:34  Barracks  
  78  6:44  SCV x2, Marine  
  78  6:46  Supply Depot  
  81  6:48  Supply Depot, Marine  
  82  6:56  SCV x2  
  82  6:59  Orbital Command  
  84  7:03  Terran Infantry Armor Level 1  
  86  7:08  SCV x2  
  83  7:28  Marine x2  
  83  7:29  Marauder  
  84  7:44  Marauder  
  86  7:50  Barracks Reactor  
  85  7:51  Orbital Command  
  85  7:53  Armory, Marauder, Marine x3  
  85  7:54  Widow Mine x2  
  93  8:04  Marine  
  89  8:10  Marine  
  89  8:11  Marauder, Marine  
  93  8:14  SCV x2, Marine  
  93  8:15  Missile Turret  
  96  8:23  Concussive Shells, Marauder  
  96  8:24  Medivac x2  
  96  8:26  SCV  
  103  8:27  SCV  
  103  8:28  Marine x2  
  103  8:32  Marauder  
  103  8:33  Marauder  
  110  8:35  Marine  
  110  8:36  Marine  
  110  8:39  Supply Depot  
  112  8:42  Supply Depot  
  112  8:43  SCV x3  
  112  8:44  Marine  
  112  8:46  Marine x2  
  118  8:53  Marine x2  
  118  8:54  Marauder x2  
  124  9:00  Medivac  
  124  9:01  Widow Mine x2  
  124  9:02  Marauder  
  132  9:04  Marine x2  
  132  9:06  Supply Depot  
  134  9:12  SCV x2  
  134  9:15  Terran Infantry Weapons Level 2, Marauder  
  138  9:17  Supply Depot  
  138  9:19  Ghost Academy  
  138  9:21  SCV, Missile Turret  
  138  9:22  Marauder  
  141  9:28  Marine x5  
  146  9:33  Widow Mine  
  146  9:37  Supply Depot  
  148  9:38  Medivac x2  
  148  9:39  Widow Mine, Marauder  
  148  9:40  Supply Depot  
  156  9:45  Marine  
  157  9:58  Marine  
  157  9:59  Widow Mine, Marauder x2  
  164  10:02  Widow Mine  
  166  10:08  Medivac, Marauder, Marine x3  
  166  10:10  Enhanced Shockwaves  
  172  10:16  Marine  
  173  10:36  Ghost  
  173  10:40  Marauder  
  173  10:49  Marine  
  173  10:53  Viking, Marine x3  
  173  10:54  Viking, Widow Mine x2, Marauder  
  171  11:01  Marauder  
  163  11:05  Marauder  
  163  11:07  Marine  
  163  11:10  Marine  
  163  11:11  Marine x2  
  154  11:13  Command Center  
  154  11:15  Widow Mine x2, Marauder  
  158  11:22  Marauder  
  158  11:23  Medivac  
  158  11:24  Medivac  
  158  11:25  Marine  
  165  11:27  Marauder  
  165  11:28  Marine  
  165  11:29  Marine  
  169  11:34  Marine  
  169  11:36  Marauder  
  172  11:42  Marine  
  172  11:44  Marauder  
  173  11:50  Widow Mine  
  173  11:52  Starport  
  173  11:55  Medivac, Marauder, Widow Mine  
  173  11:56  Marine x2  
  173  12:06  Refinery x2  
  173  12:12  Marauder  
  173  12:13  Marine x2  
  173  12:23  SCV, Marine  
  173  12:25  SCV x2, Medivac x2, Marauder x2  
  163  12:37  SCV  
  163  12:46  Marauder  
  163  13:00  Orbital Command  
  163  13:02  SCV, Missile Turret  
  163  13:03  SCV  
  163  13:09  Marauder, Marine  
  163  13:10  Marine  
  163  13:11  Marine  
  163  13:17  Barracks  
  163  13:18  Supply Depot  
  163  13:19  Supply Depot  
  163  13:20  SCV x2  
  163  13:21  Barracks x2  
  163  13:25  Command Center  
Tags
 
Add a new tag
Caveats
  • Supply blocks, unpowered buildings, or Contaminate may cause inaccurate times.
  • Supply counts are checked every 10 seconds.